SAA
PHOENIX HOTSPUR YOUTH @ YAKIMA HOPS
07/20/2037
 
TOP OF THE 1ST
Phoenix Hotspur Youth batting - Pitching for Yakima Hops : LHP Manny Burgos
Pitching: LHP Manny Burgos
Batting: RHB Eugene McClellan 0-0: Called Strike
0-1: Ball
1-1: Foul Ball, location: 2F
1-2: Foul Ball, location: 2F
1-2: Ball
2-2: Foul Ball, location: 2F
2-2: Ball
3-2: Base on Balls
Batting: RHB Wilbert Hall 0-0: Ball
1-0: Ball
2-0: Ball
3-0: Called Strike
3-1: Called Strike
3-2: Foul Ball, location: 2F
3-2: Base on Balls
Eugene McClellan to second
Batting: RHB Peer Kattenberg 0-0: Swinging Strike
0-1: Called Strike
0-2: Strikes out swinging
Batting: RHB Nathan Pruitt 0-0: Called Strike
0-1: Called Strike
0-2: Foul Ball, location: 2F
0-2: Strikes out swinging
Batting: LHB Damian Alldred 0-0: Ball
1-0: Called Strike
1-1: Called Strike
1-2: Ball
2-2: Ground out 1-3 (Groundball, 13S, EV 62.5 MPH)
Top of the 1st over - 0 runs, 0 hits, 0 errors, 2 left on base; Phoenix Hotspur 0 - Yakima 0
BOTTOM OF THE 1ST
Yakima Hops batting - Pitching for Phoenix Hotspur Youth : LHP Dan Bell
Pitching: LHP Dan Bell
Batting: RHB Roger Campbell 0-0: SINGLE (Groundball, 56D, EV 95.0 MPH)
Batting: RHB Jim McMahon 0-0: Swinging Strike
0-1: Ball
1-1: Ball
2-1: Ball
3-1: Foul Ball, location: 2F
3-2: Foul Ball, location: 2F
3-2: Base on Balls
Roger Campbell to second
Batting: RHB Cornelius Adkison 0-0: Foul Ball, location: 2F
0-1: Ball
1-1: Fielders Choice at 2nd, 6-4 (Groundball, 56D, EV 105.6 MPH)
Roger Campbell to third
Batting: RHB Tony Hernández 0-0: Ball
1-0: Ball
2-0: Called Strike
2-1: Ball
3-1: Foul Ball, location: 2F
3-2: TRIPLE (Flyball, 89XD, EV 108.1 MPH)
Roger Campbell scores
Cornelius Adkison scores
Batting: RHB Reynaldo Torres 0-0: Called Strike
0-1: Called Strike
0-2: Ball
1-2: Strikes out swinging
Batting: SHB Sean Reinhard 0-0: Foul Ball, location: 2F
0-1: Ground out 5-3 (Groundball, 56, EV 78.1 MPH)
Bottom of the 1st over - 2 runs, 2 hits, 0 errors, 1 left on base; Phoenix Hotspur 0 - Yakima 2
TOP OF THE 2ND
Phoenix Hotspur Youth batting - Pitching for Yakima Hops : LHP Manny Burgos
Batting: LHB Pancho Coloma 0-0: Swinging Strike
0-1: SINGLE (Groundball, 4D, EV 105.0 MPH)
Batting: LHB Keith York 0-0: Called Strike
0-1: Ball
1-1: SINGLE (Line Drive, 9S, EV 101.2 MPH)
Pancho Coloma to second
Batting: RHB Miguel Villarreal 0-0: Ball
1-0: Called Strike
1-1: Swinging Strike
1-2: Strikes out swinging
Batting: LHB Carel Oskamp 0-0: Called Strike
0-1: Foul Ball, location: 2F
0-2: Fly out, F8 (Flyball, 78S, EV 76.2 MPH)
Batting: RHB Eugene McClellan 0-0: SINGLE (Flyball, 78S, EV 84.4 MPH)
Pancho Coloma to third
Keith York to second
Runner from 3rd tries for Home, SAFE, no throw by LF
Batting: RHB Wilbert Hall 0-0: Ball
1-0: Called Strike
1-1: Fielders Choice at 2nd, 6-4 (Groundball, 6, EV 81.9 MPH)
Top of the 2nd over - 1 run, 3 hits, 0 errors, 2 left on base; Phoenix Hotspur 1 - Yakima 2
BOTTOM OF THE 2ND
Yakima Hops batting - Pitching for Phoenix Hotspur Youth : LHP Dan Bell
Batting: LHB Juan Arellano 0-0: SOLO HOME RUN (Flyball, 9D, EV 96.2 MPH), Distance : 359 ft
Batting: SHB Rafael Bregonzi 0-0: Foul Ball, location: 2F
0-1: Ball
1-1: Called Strike
1-2: Ball
2-2: Foul Ball, location: 2F
2-2: Ball
3-2: Base on Balls
Batting: LHB Armando Cedeño 0-0: Fielders Choice at 2nd, 4-6 (Groundball, 4, EV 105.6 MPH)
Batting: RHB Roger Campbell 0-0: Ball
1-0: Ball
2-0: Ball
3-0: Base on Balls
Armando Cedeño to second
Batting: RHB Jim McMahon 0-0: Ball
1-0: Reached on error, E5 (Groundball, 56S, EV 68.8 MPH)
Armando Cedeño to third
Roger Campbell to second
Batting: RHB Cornelius Adkison 0-0: Ball
1-0: Ball
2-0: Swinging Strike
2-1: Fly out, F9 (Flyball, 9D, EV 98.1 MPH)
Runner from 3rd tags up, SCORES, no throw by RF
Batting: RHB Tony Hernández 0-0: Ball
1-0: Foul Ball, location: 2F
1-1: Called Strike
1-2: Fielders Choice at 2nd, 6-4 (Groundball, 6, EV 86.2 MPH)
Bottom of the 2nd over - 2 runs, 1 hit, 1 error, 2 left on base; Phoenix Hotspur 1 - Yakima 4
TOP OF THE 3RD
Phoenix Hotspur Youth batting - Pitching for Yakima Hops : LHP Manny Burgos
Batting: RHB Peer Kattenberg 0-0: Called Strike
0-1: Foul Ball, location: 2F
0-2: Ball
1-2: Strikes out swinging
Batting: RHB Nathan Pruitt 0-0: Called Strike
0-1: Called Strike
0-2: Ball
1-2: Fly out, F8 (Flyball, 78M, EV 90.0 MPH)
Batting: LHB Damian Alldred 0-0: Ball
1-0: Foul Ball, location: 2F
1-1: Foul Ball, location: 2F
1-2: Ball
2-2: Strikes out swinging
Top of the 3rd over - 0 runs, 0 hits, 0 errors, 0 left on base; Phoenix Hotspur 1 - Yakima 4
BOTTOM OF THE 3RD
Yakima Hops batting - Pitching for Phoenix Hotspur Youth : LHP Dan Bell
Batting: RHB Reynaldo Torres 0-0: Called Strike
0-1: Called Strike
0-2: Strikes out looking
Batting: SHB Sean Reinhard 0-0: Ball
1-0: Foul Ball, location: 2F
1-1: Ball
2-1: Ground out 5-3 (Groundball, 56S, EV 81.9 MPH)
Batting: LHB Juan Arellano 0-0: Ball
1-0: Swinging Strike
1-1: Ground out 1-3 (Groundball, P, EV 85.0 MPH)
Bottom of the 3rd over - 0 runs, 0 hits, 0 errors, 0 left on base; Phoenix Hotspur 1 - Yakima 4
TOP OF THE 4TH
Phoenix Hotspur Youth batting - Pitching for Yakima Hops : LHP Manny Burgos
Batting: LHB Pancho Coloma 0-0: Ball
1-0: Ball
2-0: Ball
3-0: Called Strike
3-1: Fly out, F5 (Popup, 25F, EV 78.1 MPH)
Batting: LHB Keith York 0-0: Called Strike
0-1: Ball
1-1: Ball
2-1: Foul Ball, location: 2F
2-2: Ball
3-2: Strikes out swinging
Batting: RHB Miguel Villarreal 0-0: Called Strike
0-1: Ball
1-1: SINGLE (Groundball, 6MD, EV 95.0 MPH)
Batting: LHB Carel Oskamp 0-0: Ball
1-0: Foul Ball, location: 2F
1-1: Ball
2-1: Foul Ball, location: 2F
2-2: Foul Ball, location: 2F
2-2: Foul Ball, location: 2F
2-2: Ball
3-2: SINGLE (Line Drive, 56, EV 106.9 MPH)
Miguel Villarreal to second
Miguel Villarreal to third
Batting: RHB Eugene McClellan 0-0: Ball
1-0: Ground out 4-3 (Groundball, 34, EV 93.1 MPH)
Top of the 4th over - 0 runs, 2 hits, 0 errors, 2 left on base; Phoenix Hotspur 1 - Yakima 4
BOTTOM OF THE 4TH
Yakima Hops batting - Pitching for Phoenix Hotspur Youth : LHP Dan Bell
Batting: SHB Rafael Bregonzi 0-0: Ball
1-0: Called Strike
1-1: Ball
2-1: Foul Ball, location: 2F
2-2: Foul Ball, location: 2F
2-2: Strikes out looking
Batting: LHB Armando Cedeño 0-0: Foul Ball, location: 2F
0-1: Called Strike
0-2: Strikes out looking
Batting: RHB Roger Campbell 0-0: Ball
1-0: Bunt missed!
1-1: Ball
2-1: Foul Ball, location: 2F
2-2: Ball
3-2: Foul Ball, location: 2F
3-2: SINGLE (Groundball, 56D, EV 102.5 MPH)
Batting: RHB Jim McMahon 0-0: Fly out, F9 (Flyball, 9S, EV 91.9 MPH)
Bottom of the 4th over - 0 runs, 1 hit, 0 errors, 1 left on base; Phoenix Hotspur 1 - Yakima 4
TOP OF THE 5TH
Phoenix Hotspur Youth batting - Pitching for Yakima Hops : LHP Manny Burgos
Batting: RHB Wilbert Hall 0-0: Ball
1-0: Swinging Strike
1-1: SINGLE (Line Drive, 89M, EV 102.5 MPH)
Batting: RHB Peer Kattenberg 0-0: Ball
1-0: Foul Ball, location: 2F
1-1: Fly out, F7 (Flyball, 78S, EV 91.9 MPH)
Batting: RHB Nathan Pruitt 0-0: Called Strike
Wilbert Hall is caught stealing 2nd base 2-4
0-1: Ball
1-1: Ball
2-1: Foul Ball, location: 2F
2-2: Ground out 6-3 (Groundball, 6, EV 86.2 MPH)
Top of the 5th over - 0 runs, 1 hit, 0 errors, 0 left on base; Phoenix Hotspur 1 - Yakima 4
BOTTOM OF THE 5TH
Yakima Hops batting - Pitching for Phoenix Hotspur Youth : LHP Dan Bell
Batting: RHB Cornelius Adkison 0-0: Ball
1-0: Ball
2-0: Foul Ball, location: 2F
2-1: Ball
3-1: Foul Ball, location: 2F
3-2: SOLO HOME RUN (Line Drive, 7LD, EV 101.2 MPH), Distance : 366 ft
Batting: RHB Tony Hernández 0-0: Fly out, F7 (Flyball, 7LS, EV 85.6 MPH)
Batting: RHB Reynaldo Torres 0-0: Swinging Strike
0-1: Ball
1-1: Foul Ball, location: 2F
1-2: Strikes out looking
Batting: SHB Sean Reinhard 0-0: Ball
1-0: Ball
2-0: Fly out, F7 (Flyball, 7S, EV 91.9 MPH)
Bottom of the 5th over - 1 run, 1 hit, 0 errors, 0 left on base; Phoenix Hotspur 1 - Yakima 5
TOP OF THE 6TH
Phoenix Hotspur Youth batting - Pitching for Yakima Hops : LHP Manny Burgos
Pitching: RHP Brad Foster
Batting: LHB Damian Alldred 0-0: Ball
1-0: Ball
2-0: Foul Ball, location: 2F
2-1: Foul Ball, location: 2F
2-2: Foul Ball, location: 2F
2-2: Ball
3-2: Base on Balls
Batting: LHB Pancho Coloma 0-0: Grounds into double play, 6-4-3 (Groundball, 6, EV 91.2 MPH)
Batting: LHB Keith York 0-0: Called Strike
0-1: Ground out U3 (Groundball, 3L, EV 101.9 MPH)
Top of the 6th over - 0 runs, 0 hits, 0 errors, 0 left on base; Phoenix Hotspur 1 - Yakima 5
BOTTOM OF THE 6TH
Yakima Hops batting - Pitching for Phoenix Hotspur Youth : LHP Dan Bell
Batting: LHB Juan Arellano 0-0: Swinging Strike
0-1: Ball
1-1: Called Strike
1-2: Ball
2-2: Strikes out swinging
Batting: SHB Rafael Bregonzi 0-0: Called Strike
0-1: Ball
1-1: Called Strike
1-2: Ground out 5-3 (Groundball, 56S, EV 81.2 MPH)
Batting: LHB Armando Cedeño 0-0: Ball
1-0: Ball
2-0: Swinging Strike
2-1: Foul Ball, location: 2F
2-2: Ball
3-2: Base on Balls
Batting: RHB Roger Campbell 0-0: Ball
1-0: SINGLE (Line Drive, 6MD, EV 98.1 MPH)
Armando Cedeño to second
Batting: RHB Jim McMahon 0-0: Ball
1-0: Swinging Strike
1-1: Ball
2-1: Swinging Strike
2-2: Ball
3-2: Base on Balls
Armando Cedeño to third
Roger Campbell to second
Pitching: RHP Peter Williams
Batting: RHB Cornelius Adkison 0-0: Ball
1-0: Ball
2-0: Called Strike
2-1: Ball
3-1: Foul Ball, location: 2F
3-2: SINGLE (Flyball, 5D, EV 86.9 MPH)
Armando Cedeño scores
Roger Campbell to third
Jim McMahon to second
Roger Campbell scores
Jim McMahon to third
Batting: RHB Tony Hernández 0-0: Called Strike
0-1: Ground out U3 (Groundball, 34S, EV 67.5 MPH)
Bottom of the 6th over - 2 runs, 2 hits, 0 errors, 2 left on base; Phoenix Hotspur 1 - Yakima 7
TOP OF THE 7TH
Phoenix Hotspur Youth batting - Pitching for Yakima Hops : RHP Brad Foster
Batting: RHB Miguel Villarreal 0-0: Called Strike
0-1: DOUBLE (Line Drive, 9LM, EV 106.2 MPH)
Batting: LHB Carel Oskamp 0-0: Ball
1-0: Ground out 6-3 (Groundball, 6, EV 86.2 MPH)
Batting: RHB Eugene McClellan 0-0: Called Strike
0-1: Ball
1-1: Swinging Strike
1-2: Ball
Wild Pitch!
Miguel Villarreal to third
2-2: Foul Ball, location: 2F
2-2: Ball
3-2: Strikes out swinging
Batting: RHB Wilbert Hall 0-0: Called Strike
0-1: Fly out, F4 (Popup, 4, EV 57.5 MPH)
Top of the 7th over - 0 runs, 1 hit, 0 errors, 1 left on base; Phoenix Hotspur 1 - Yakima 7
BOTTOM OF THE 7TH
Yakima Hops batting - Pitching for Phoenix Hotspur Youth : RHP Peter Williams
Batting: RHB Reynaldo Torres 0-0: Foul Ball, location: 2F
0-1: Swinging Strike
0-2: Ball
1-2: Ball
2-2: Foul Ball, location: 2F
2-2: Ball
3-2: Fly out, F8 (Line Drive, 8LD, EV 96.9 MPH)
Batting: SHB Sean Reinhard 0-0: Called Strike
0-1: Ball
1-1: Ball
2-1: Ball
3-1: Called Strike
3-2: Base on Balls
Batting: LHB Juan Arellano 0-0: Foul Ball, location: 2F
0-1: Fly out, F8 (Line Drive, 8RD, EV 91.2 MPH)
Batting: SHB Rafael Bregonzi 0-0: Foul Ball, location: 2F
0-1: Foul Ball, location: 2F
0-2: Strikes out swinging
Bottom of the 7th over - 0 runs, 0 hits, 0 errors, 1 left on base; Phoenix Hotspur 1 - Yakima 7
TOP OF THE 8TH
Phoenix Hotspur Youth batting - Pitching for Yakima Hops : RHP Brad Foster
Batting: RHB Peer Kattenberg 0-0: Called Strike
0-1: Foul Ball, location: 2F
0-2: SINGLE (Line Drive, 7S, EV 86.9 MPH)
Batting: RHB Nathan Pruitt 0-0: Ball
1-0: Foul Ball, location: 2F
1-1: Fly out, F8 (Flyball, 78D, EV 101.9 MPH)
Batting: LHB Damian Alldred 0-0: Ball
1-0: Ball
2-0: Grounds into double play, 5-4-3 (Groundball, 5L, EV 100.6 MPH)
Top of the 8th over - 0 runs, 1 hit, 0 errors, 0 left on base; Phoenix Hotspur 1 - Yakima 7
BOTTOM OF THE 8TH
Yakima Hops batting - Pitching for Phoenix Hotspur Youth : RHP Peter Williams
Batting: LHB Armando Cedeño 0-0: Ball
1-0: Swinging Strike
1-1: Swinging Strike
1-2: Strikes out swinging
Batting: RHB Roger Campbell 0-0: Called Strike
0-1: Foul Ball, location: 2F
0-2: Strikes out swinging
Batting: RHB Jim McMahon 0-0: TRIPLE (Line Drive, 7D, EV 105.0 MPH)
Batting: RHB Cornelius Adkison 0-0: Fly out, F9 (Flyball, 89D, EV 84.4 MPH)
Bottom of the 8th over - 0 runs, 1 hit, 0 errors, 1 left on base; Phoenix Hotspur 1 - Yakima 7
TOP OF THE 9TH
Phoenix Hotspur Youth batting - Pitching for Yakima Hops : RHP Brad Foster
Batting: LHB Pancho Coloma 0-0: Ball
1-0: Ground out 1-3 (Groundball, 34S, EV 63.8 MPH)
Batting: LHB Keith York 0-0: Ball
1-0: Called Strike
1-1: Called Strike
1-2: Foul Ball, location: 2F
1-2: SINGLE (Line Drive, 56D, EV 96.9 MPH)
Pitching: RHP Mario Durán
Batting: RHB Miguel Villarreal 0-0: Called Strike
0-1: Fly out, F4 (Line Drive, 4, EV 68.1 MPH)
Batting: LHB Carel Oskamp 0-0: Foul Ball, location: 2F
0-1: Swinging Strike
0-2: Ball
1-2: Strikes out swinging, 2-3 out at first.
Top of the 9th over - 0 runs, 1 hit, 0 errors, 1 left on base; Phoenix Hotspur 1 - Yakima 7
Thursday, January 23rd, 2020 - OOTP Baseball 20.8 Build 74